 Dungeon Crawl Stone Soup version 0.23-a0-681-g26ad783 (webtiles) character file.

814 emperorscorpion the Covert (level 7, -14/52 HPs)
             Began as a Vampire Assassin on Jan 10, 2019.
             Demolished by a cyan ugly thing (16 damage)
             ... on level 10 of the Dungeon.
             The game lasted 00:11:27 (2765 turns).

emperorscorpion the Covert (Vampire Assassin)       Turns: 2765, Time: 00:11:28

Health: -14/52     AC:  8    Str:  8 (11) XL:     7   Next: 62%
Magic:  0/16       EV: 13    Int: 11 (14) God:
Gold:   109        SH:  0    Dex: 15 (16) Spells: 4/6 levels left

rFire    + . .     SeeInvis +   b - +1 blowgun
rCold    . . .     Gourm    .   (no shield)
rNeg     . . .     Faith    .   u - +3 leather armour of the Other World {MP+9}
rPois    .         Spirit   +   (no helmet)
rElec    .         Reflect  .   d - +1 cloak
rCorr    +         Harm     .   (no gloves)
MR       .....                  (no boots)
Stlth    ++++......             s - amulet of guardian spirit
HPRegen  0.37/turn              k - ring of protection from fire
MPRegen  0.15/turn              j - ring of resist corrosion

@: regenerating quickly
A: fangs 3, see invisible, unbreathing
a: no special abilities


You were on level 10 of the Dungeon.
You were almost alive.

You visited 1 branch of the dungeon, and saw 10 of its levels.

You collected 193 gold pieces.
You spent 84 gold pieces at shops.

Inventory:

Hand Weapons
 a - a +2 dagger
 b - a +1 blowgun (weapon)
Missiles
 e - 13 poisoned needles (quivered)
 q - a needle of confusion
Armour
 c - a +0 robe
 d - a +1 cloak (worn)
 h - a +0 shield
 u - the +3 leather armour of the Other World (worn) {MP+9}
   (You found it on level 7 of the Dungeon)

   It affects your magic capacity (+9).
Jewellery
 j - a ring of resist corrosion (right hand)
 k - a ring of protection from fire (left hand)
 o - an uncursed ring of flight {unknown}
 s - an amulet of guardian spirit (around neck)
Wands
 r - a wand of flame (18)
 A - a wand of iceblast (7)
Scrolls
 f - a scroll of blinking {unknown}
 i - 9 scrolls of identify
 l - 2 scrolls of teleportation
 m - a scroll of magic mapping {unknown}
 n - 2 scrolls of fear
 p - a scroll of enchant armour
 w - a scroll of amnesia {unknown}
 x - 2 scrolls of remove curse
 y - 2 scrolls of fog


   Skills:
 + Level 3.4 Fighting
 + Level 4.8 Short Blades
 + Level 3.1 Throwing
 + Level 0.2 Armour
 + Level 4.0 Dodging
 + Level 9.1 Stealth
 * Level 0.1 Spellcasting
 * Level 0.2 Charms
 * Level 0.2 Air Magic


You had 4 spell levels left.
You knew the following spells:

 Your Spells              Type           Power        Failure   Level  Hunger
a - Swiftness             Chrm/Air       #.......     56%         2    ###....

Your spell library contained the following spells:

 Spells                   Type           Power        Failure   Level  Hunger
 Shock                    Conj/Air       #...         43%         1    ##.....
 Summon Butterflies       Summ           #.......     45%         1    ##.....
 Static Discharge         Conj/Air       #.......     82%         3    ####...
 Call Canine Familiar     Summ           #.......     83%         3    ####...
 Airstrike                Air            #.........   99%         4    #####..
 Summon Ice Beast         Ice/Summ       #.......     99%         4    #####..
 Lightning Bolt           Conj/Air       #.........   100%        5    ######.
 Summon Mana Viper        Hex/Summ       #.......     100%        5    ######.
 Summon Hydra             Summ           #.........   100%        7    #######


Dungeon Overview and Level Annotations

Branches:
Dungeon (10/15)
 Temple: D:4-7         Lair: D:8-11         Orc: D:9-12

Altars:
Zin

Shops:
D:5 !   D:6 *


Innate Abilities, Weirdness & Mutations

Your natural rate of healing is unusually fast.
You have razor-sharp teeth.
You have supernaturally acute eyesight. (SInv)
You can survive without breathing.


Message History

Press: ? - help, Shift-Dir - straight line, f/p - cyan ugly thing
Aim: a cyan ugly thing (poisoned)
You shoot a poisoned needle.
The poisoned needle hits the cyan ugly thing.
The cyan ugly thing looks as sick as possible!
You feel less wooden.
Your +1 cloak unmelds from your body.
The +3 leather armour of the Other World {MP+9} unmelds from your body.
The cyan ugly thing tail-slaps you!
* * * LOW HITPOINT WARNING * * *
The cyan ugly thing shocks you!
* * * LOW HITPOINT WARNING * * *
A troll comes into view.
An orc comes into view.
An orc and an orc priest come into view.
The orc is wielding a +1 short sword of protection.
The cyan ugly thing tail-slaps you.
* * * LOW HITPOINT WARNING * * *
The cyan ugly thing shocks you!
You die...

## ## ..
.o #o##o
...
#.######
#T@uz..#
######J#
#.# #)#
#J# #(#
#(# #.#
#.#


You could see a cyan ugly thing, a troll (sleeping), a jelly, a wight, an orc
priest (sleeping) and 2 orcs.

Vanquished Creatures
  Joseph (D:7)
  A centaur (D:5)
  A wight (D:10)
  A bullfrog zombie (D:5)
  2 bullfrog skeletons
  An orc priest (D:4)
  An iguana (D:6)
  An orc wizard (D:4)
  2 worker ants (D:4)
  A hound zombie (D:8)
  A hound skeleton (D:4)
  5 adders
  A shadow imp (D:8)
  2 oozes
  2 leopard geckos
  8 orcs
  2 goblins (D:3)
  4 hobgoblins
  2 jackals (D:4)
  4 kobolds
  A quokka (D:3)
  2 bats (D:3)
  2 frilled lizards (D:3)
  A quokka skeleton (D:4)
  4 rats (D:3)
53 creatures vanquished.

Vanquished Creatures (others)
  An unseen horror (D:10)
  A vampire mosquito (D:10)
2 creatures vanquished.

Grand Total: 55 creatures vanquished

Notes
Turn   | Place    | Note
-------+----------+-------------------------------------------
     0 | D:1      | emperorscorpion the Vampire Assassin began the quest for
                  | the Orb.
     0 | D:1      | Reached XP level 1. HP: 16/16 MP: 1/1
    41 | D:1      | Reached skill level 6 in Stealth
   433 | D:3      | Reached XP level 2. HP: 22/22 MP: 2/2
   619 | D:3      | Reached skill level 7 in Stealth
   884 | D:5      | Entered Level 5 of the Dungeon
   892 | D:5      | Noticed a centaur
   909 | D:5      | Killed a centaur
   909 | D:5      | Reached XP level 3. HP: 21/27 MP: 3/3
   909 | D:5      | Reached XP level 4. HP: 25/33 MP: 4/4
   917 | D:5      | Reached skill level 8 in Stealth
   930 | D:5      | Reached XP level 5. HP: 23/38 MP: 2/5
  1245 | D:5      | Noticed an ice beast
  1257 | D:5      | Found Leminlea's Distillery.
  1262 | D:5      | Noticed an ogre
  1527 | D:4      | HP: 1/38 [orc priest/+0 flail (8)]
  1695 | D:4      | Reached XP level 6. HP: 24/45 MP: 4/6
  1738 | D:6      | Found Inuped's General Store.
  1864 | D:6      | Bought a potion of lignification for 42 gold pieces
  1864 | D:6      | Bought a scroll of teleportation for 42 gold pieces
  1943 | D:7      | Noticed Joseph
  1947 | D:7      | Got a warped leather armour
  1960 | D:7      | HP: 1/46 [Joseph/sling bullet (8)]
  1981 | D:7      | Killed Joseph
  1981 | D:7      | Reached skill level 9 in Stealth
  1981 | D:7      | Reached XP level 7. HP: 10/52 MP: 3/7
  2160 | D:7      | Identified the +3 leather armour of the Other World {MP+9}
                  | (You found it on level 7 of the Dungeon)
  2222 | D:7      | Noticed a hungry ghost
  2421 | D:9      | Noticed a vampire
  2488 | D:9      | HP: 2/52 [vampire (1)]
  2674 | D:9      | Learned a level 2 spell: Swiftness
  2679 | D:10     | Entered Level 10 of the Dungeon
  2716 | D:10     | Found a glowing silver altar of Zin.
  2716 | D:10     | Noticed a vampire mosquito
  2716 | D:10     | Noticed a cyan ugly thing
  2716 | D:10     | Noticed an unseen horror
  2733 | D:10     | Identified the +8 flail "Nerill" {speed, Int+2} (You found
                  | it on level 10 of the Dungeon)
  2761 | D:10     | Noticed a troll
  2765 | D:10     | HP: 2/52 [cyan ugly thing (5)]
  2765 | D:10     | Demolished by a cyan ugly thing

Vault maps used:
D:1:      eino_arrival_druids_welcome
D:2:      lemuel_round_altar, uniq_jessica
D:3:      minmay_inner_zag, lemuel_zombie_altar_kikubaaqudgha, first_ration,
          cheibriados_altar_1
D:4:      cheibrodos_quashed, nemelex_altar_shiori
D:5:      serial_shops, shop, kennysheep_another_room,
          kennysheep_generic_room_2, uniq_menkaure
D:6:      serial_shops, shop
D:7:      minmay_temple_entry_statues_fountains, uniq_joseph, uniq_harold
D:9:      blue_anna_alchemist, minmay_statues_item,
          hangedman_abyss_or_decor_slice
D:10:     serial_shops, shop_scrolls, corexii_leaking_fountain,
          hangedman_feature_mirror

Skill      XL: |  1  2  3  4  5  6  7 |
---------------+----------------------+-----
Stealth        | 6 7 8 9 |  9.1
Fighting       | 2 3 |  3.4
Dodging        | 2 3 4 |  4.0
Short Blades   | 3 4 |  4.8
Throwing       | 3 |  3.1
Armour         | |  0.2
Spellcasting   | |  0.1
Charms         | |  0.2
Air Magic      | |  0.2

Action                   |  1- 3 |  4- 6 |  7- 9 || total
-------------------------+-------+-------+-------++-------
Melee: Dagger            |    84 |   123 |   112 ||   319
       Bite              |     5 |     7 |     9 ||    21
 Fire: Blowgun           |       |    25 |     5 ||    30
Evoke: Wand              |       |       |     9 ||     9
  Use: Potion            |     4 |    12 |    11 ||    27
       Scroll            |       |     6 |     1 ||     7
 Stab: Sleeping          |     4 |     2 |     3 ||     9
Armor: Robe              |    14 |    17 |       ||    31
       Skin              |    33 |    31 |    44 ||   108
       Leather armour    |       |       |    27 ||    27
Dodge: Dodged            |    41 |    71 |    50 ||   162

Table legend:
 A = Non-vault XP
 B = Vault XP
 C = Vault XP percentage of total XP
 D = Non-vault monster count
 E = Vault monster count
 F = Vault count percentage of total count
                 A         B        C        D         E       F
            +---------+---------+-------+---------+---------+-------
      Total |     658 |     505 |  43.4 |      47 |       6 |  11.3
            +---------+---------+-------+---------+---------+-------
        D:1 |       8 |       0 |   0.0 |       4 |       0 |   0.0
        D:3 |      23 |       7 |  23.3 |      12 |       5 |  29.4
        D:4 |     187 |       0 |   0.0 |      12 |       0 |   0.0
        D:5 |     166 |       0 |   0.0 |       4 |       0 |   0.0
        D:6 |      81 |       0 |   0.0 |       3 |       0 |   0.0
        D:7 |      33 |     498 |  93.8 |       3 |       1 |  25.0
        D:8 |      59 |       0 |   0.0 |       7 |       0 |   0.0
        D:9 |      42 |       0 |   0.0 |       1 |       0 |   0.0
       D:10 |      59 |       0 |   0.0 |       1 |       0 |   0.0
            +---------+---------+-------+---------+---------+-------
